 Dungeon Crawl Stone Soup version 0.22-a0-614-g34fbaa0 (webtiles) character file.

23 royokou the Conjurer (level 2, 0/22 HPs)
             Began as a Deep Elf Conjurer on July 17, 2018.
             Succumbed to a kobold's poison
             ... on level 1 of the Dungeon.
             The game lasted 00:02:53 (528 turns).

royokou the Conjurer (Deep Elf Conjurer)             Turns: 528, Time: 00:02:54

Health: 0/22       AC:  2    Str: 10    XL:     2   Next: 72%
Magic:  1/8        EV: 13    Int: 19    God:
Gold:   18         SH:  0    Dex: 15    Spells: 5/8 levels left

rFire    . . .     SeeInvis .   g - +0 whip
rCold    + . .     Gourm    .   (no shield)
rNeg     . . .     Faith    .   a - +0 robe
rPois    .         Spirit   .   (no helmet)
rElec    .         Reflect  .   (no cloak)
rCorr    .         Harm     .   (no gloves)
MR       .....                  (no boots)
Stlth    ..........             (no amulet)
HPRegen  0.07/turn              b - ring of protection from cold
MPRegen  0.11/turn              (no ring)

@: berserking (expiring), lethally poisoned (0 -> -14), very slightly
contaminated, very quick
A: no striking features
a: no special abilities


You were on level 1 of the Dungeon.
You were not hungry.

You visited 1 branch of the dungeon, and saw 1 of its levels.

You collected 18 gold pieces.

Inventory:

Hand Weapons
 d - a +0 hand axe
 g - a +0 whip (weapon)
Armour
 a - a +0 robe (worn)
Jewellery
 b - a ring of protection from cold (left hand)
Scrolls
 e - a scroll of identify {unknown}
 h - 2 scrolls of remove curse {unknown}
Comestibles
 c - 2 rations


   Skills:
 - Level 2.4 Dodging
 - Level 2.4 Stealth
 + Level 3.6 Spellcasting
 * Level 5.0 Conjurations


You had 5 spell levels left.
You knew the following spells:

 Your Spells              Type           Power        Failure   Level  Hunger
a - Magic Dart            Conj           ###.         1%          1    None
b - Searing Ray           Conj           ###...       2%          2    ##.....

Your spell library contained the following spells:

 Spells                   Type           Power        Failure   Level  Hunger
 Iskenderun's Mystic Bla  Conj           ###.....     19%         4    ####...
 Fulminant Prism          Conj/Hex       ##........   45%         4    ####...
 Dazzling Spray           Conj/Hex       ##....       16%         3    ###....
 Force Lance              Conj/Tloc      ##......     45%         4    ####...


Dungeon Overview and Level Annotations

Branches:
Dungeon (1/15)

Altars:


Message History

It was a potion of berserk rage.
A red film seems to cover your vision as you go berserk!
You feel yourself moving faster!
You feel mighty!
* * * LOW HITPOINT WARNING * * *
You feel sick. The kobold closely misses you.
You hit the kobold.
You kill the kobold!
* * * LOW HITPOINT WARNING * * *
You feel sick.
You see here a dagger of venom.
You feel a strong urge to attack something.
* * * LOW HITPOINT WARNING * * *
You feel sick.
You are too berserk!
You are too berserk!
* * * LOW HITPOINT WARNING * * *
You feel sick.
You are too berserk!
You feel your anger nearly subside.
You die...

.....#.##......# #.# #.##..
.....#..........####.#######.##..
#......##..........#.##..
.............#####.####..
........#.##### ...
#......)......# ...
........#.###.# ...
##....#.#.###.## #.......@.......
..###...##.##.## . ##.†# .# ##..
.# ... .# ..# ..## .#


There were no monsters in sight!

Vanquished Creatures
  An ooze (D:1)
  2 dart slugs (D:1)
  A goblin (D:1)
  2 hobgoblins (D:1)
  A ball python (D:1)
  3 bats (D:1)
  A frilled lizard (D:1)
  3 kobolds (D:1)
  3 rats (D:1)
17 creatures vanquished.

Notes
Turn   | Place    | Note
-------+----------+-------------------------------------------
     0 | D:1      | royokou the Deep Elf Conjurer began the quest for the Orb.
     0 | D:1      | Reached XP level 1. HP: 10/10 MP: 6/6
   248 | D:1      | Reached XP level 2. HP: 15/15 MP: 5/8
   339 | D:1      | Learned a level 2 spell: Searing Ray
   517 | D:1      | Reached skill level 5 in Conjurations
   527 | D:1      | HP: 1/22 [poisoned by a kobold]
   528 | D:1      | Succumbed to a kobold's poison

Vault maps used:
D:1:      elethiomel_arrival_shortcut, minmay_cupped

Skill      XL: |  1  2 |
---------------+-------+-----
Conjurations   | 5 |  5.0
Dodging        | |  2.4
Stealth        | |  2.4
Spellcasting   | |  3.6

Action                   || total
-------------------------++-------
Melee: Whip              ||     2
       Hand axe          ||     1
 Cast: Magic Dart        ||    30
       Searing Ray       ||     1
  Use: Potion            ||     1
 Stab: Sleeping          ||     1
Armor: Robe              ||     2
Dodge: Dodged            ||    12

Table legend:
 A = Spawn XP
 B = Non-spawn XP
 C = Spawn XP percentage of total XP
 D = Spawn monster count
 E = Non-spawn monster count
 F = Spawn count percentage of total count
 G = Total turns spent on level
                    A         B        C        D         E        F      G
               +---------+---------+-------+---------+---------+-------+---------
         Total |       0 |      33 |   0.0 |       0 |      17 |   0.0 |   528
               +---------+---------+-------+---------+---------+-------+---------
           D:1 |       0 |      33 |   0.0 |       0 |      17 |   0.0 |   528
               +---------+---------+-------+---------+---------+-------+---------
